 Dungeon Crawl Stone Soup version 0.25-a0-478-g33c61bd (webtiles) character file.

Game seed: 14970033717157710734, levelgen mode: deterministic

11326 Calixtus the Basher (level 11, -3/68 HPs)
             Began as a Gargoyle Fighter on Feb 8, 2020.
             Was a Follower of Qazlal.
             Slain by an orc warlord
             ... wielding a +2 bardiche of protection
              (20 damage)
             ... on level 2 of the Orcish Mines.
             The game lasted 00:33:14 (11398 turns).

Calixtus the Basher (Gargoyle Fighter)             Turns: 11398, Time: 00:33:15

Health: -3/68      AC: 35    Str: 31    XL:     11   Next: 76%
Magic:  15/15      EV:  7    Int:  9    God:    Qazlal [*.....]
Gold:   822        SH: 15    Dex:  9    Spells: 10/10 levels left

rFire    + . .     SeeInvis .   G - +1 morningstar
rCold    + . .     Gourm    .   c - +0 shield
rNeg     + . .     Faith    .   i - +4 plate armour
rPois    ∞         Spirit   .   J - +2 helmet
rElec    +         Reflect  .   y - scarf {rC+ rF+}
rCorr    .         Harm     .   L - +2 pair of gloves {archery}
MR       .....     Rnd*Rage +   D - +0 pair of boots
Stlth    ..........             A - amulet of magic regeneration
HPRegen  0.21/turn              e - +3 ring of slaying
MPRegen  0.39/turn              s - +3 ring of strength

@: mighty, berserk cooldown, slowed, very slow
A: thin metallic scales 1, berserk 1, negative energy resistance 1, electricity
resistance, unbreathing, petrification resistance, rot immunity, AC +8
a: Renounce Religion


You were on level 2 of the Orcish Mines.
You worshipped Qazlal.
Qazlal was aware of your devotion.
You were hungry.

You visited 2 branches of the dungeon, and saw 13 of its levels.
You also visited: Ossuary.

You collected 1300 gold pieces.
You spent 478 gold pieces at shops.

Inventory:

Hand Weapons
 a - the +9 war axe of the Penguin {pain, *Drain +Inv rElec rF+}
   (You found it on level 9 of the Dungeon)

   In the hands of one skilled in necromantic magic, it inflicts extra damage on
   living creatures.
   It protects you from fire.
   It insulates you from electricity.
   It lets you turn invisible.
   It causes draining when unequipped.
 G - a +1 morningstar (weapon)
Armour
 c - a +0 shield (worn)
 i - a +4 plate armour (worn)
 y - a scarf of resistance (worn)
 D - a +0 pair of boots (worn)
 J - a +2 helmet (worn)
 L - a +2 pair of gloves of archery (worn)
Jewellery
 e - a +3 ring of slaying (left hand)
 m - an uncursed amulet of harm
 s - a +3 ring of strength (right hand)
 u - an uncursed amulet of rage
 A - an amulet of magic regeneration (around neck)
Wands
 l - a wand of flame (7)
 v - a wand of scattershot (6)
 z - a wand of random effects (12)
 E - a wand of paralysis (5)
 F - a wand of acid (21)
Scrolls
 g - 3 scrolls of fear
 h - 2 scrolls of remove curse
 j - a scroll of blinking
 k - 4 scrolls of fog
 o - 9 scrolls of identify
 p - 4 scrolls of teleportation
 r - a scroll of magic mapping
 t - 3 scrolls of amnesia
 x - a scroll of enchant weapon
Potions
 b - a potion of berserk rage {unknown}
 d - a potion of might
 n - a potion of flight
 w - 7 potions of curing
 C - a potion of lignification {unknown}
 H - a potion of invisibility
 I - a potion of heal wounds
 K - 2 potions of brilliance {unknown}
Comestibles
 f - 16 rations


   Skills:
 + Level 8.0 Fighting
 + Level 11.5 Maces & Flails
 + Level 8.2 Armour
 + Level 10.3 Shields
 * Level 6.2 Invocations


You had 10 spell levels left.
You didn't know any spells.
Your spell library was empty.

Dungeon Overview and Level Annotations

Branches:
Dungeon (11/15)            Temple (0/1) D:7            Lair (0/6) D:9
    Orc (2/2) D:10        Ossuary (visited)
    Elf: Orc:2

Altars:
Cheibriados
Elyvilon
Makhleb
Qazlal
Trog
Beogh

Shops:
D:7 (   D:9 *   D:10 [   Orc:2 *

Annotations:
D:7 2 transporters, G1itch's ghost, novice FoFi


Innate Abilities, Weirdness & Mutations

You are resistant to torment.
Your stone body is resilient. (AC +8)
You are immune to poison.
You resist negative energy. (rN+)
You are resistant to electric shocks. (rElec)
You can survive without breathing.
You are immune to petrification.
You are immune to rotting.
You are partially covered in thin metallic scales. (AC +2)
You tend to lose your temper in combat.


Message History

The orc warlord is almost dead.
The orc warlord hits you with a +2 bardiche of protection!
* * * LOW HITPOINT WARNING * * *
Okay, then.
You barely miss the orc warlord.
The orc warlord is almost dead.
You block the orc warlord's attack.
You hit the orc warlord but do no damage.
The orc warlord is almost dead.
You block the orc warlord's attack.
You barely miss the orc warlord.
The orc warlord is almost dead.
The orc warlord hits you but does no damage.
You hit the orc warlord but do no damage.
The orc warlord is almost dead.
The orc warlord hits you but does no damage.
You hit the orc warlord but do no damage.
The orc warlord is almost dead.
The orc warlord hits you with a +2 bardiche of protection!!
You die...

..............#
.........#<...##
##........÷....#
#.............##
............#[##
............)[<#
...............#
...............##.
.........)@☼.......
.P.....P.o##.#..#.#
.PPP...P..####...##
........... #..##
............ ...#
P....∩..8...# .##
......P .......


You could see an orc warlord.

Vanquished Creatures
  A two-headed ogre (D:8)
  An orc high priest (Orc:2)
  An unseen horror (D:10)
  2 orc knights (Orc:1)
  An orc sorcerer (Orc:2)
  A komodo dragon (D:9)
  3 trolls
  A hornet (D:9)
  6 slime creatures
  Grinder (D:3)
  Sigmund (D:6)
  A hippogriff (D:10)
  4 hogs (D:9)
  A human (D:9)
  Eustachio (D:5)
  3 wargs (Orc:1)
  2 water moccasins
  10 orc warriors
  2 sky beasts
  An ice beast (D:10)
  2 black bears
  4 ogres
  2 phantoms
  3 centaurs
  2 big kobolds (D:10)
  5 bullfrogs
  2 scorpions
  2 crimson imps
  A bullfrog zombie (D:5)
  3 orc priests
  3 hounds
  4 jellies
  11 orc wizards
  A centaur skeleton (D:7)
  2 iguanas
  9 worker ants
  A killer bee zombie (D:9)
  A big kobold zombie (Ossuary)
  A hound zombie (D:9)
  A hound skeleton (D:7)
  8 mummies (Ossuary)
  11 gnolls
  10 adders
  3 shadow imps
  An ooze (D:4)
  An adder zombie (D:7)
  An adder skeleton (D:9)
  3 worms
  3 dart slugs
  6 leopard geckos
  51 orcs
  4 ball pythons
  7 giant cockroaches
  5 hobgoblins
  2 jackals (D:1)
  17 kobolds
  8 quokkas
  2 bats
  A frilled lizard (D:5)
  A gnoll zombie (Ossuary)
  9 goblins
  2 kobold zombies
  A leopard gecko zombie (D:7)
  6 orc zombies
  5 rats
272 creatures vanquished.

Vanquished Creatures (others)
  3 kobolds (D:10)
  A plant (D:9)
4 creatures vanquished.

Grand Total: 276 creatures vanquished

Notes
Turn   | Place    | Note
-------+----------+-------------------------------------------
     0 | D:1      | Calixtus the Gargoyle Fighter began the quest for the Orb.
     0 | D:1      | Reached XP level 1. HP: 14/14 MP: 1/1
    83 | D:1      | Reached XP level 2. HP: 19/19 MP: 2/2
   446 | D:1      | Reached XP level 3. HP: 23/24 MP: 3/3
  1085 | D:3      | Reached XP level 4. HP: 29/29 MP: 4/4
  1253 | D:3      | Noticed Grinder
  1266 | D:3      | Paralysed by Grinder for 7 turns
  1275 | D:3      | Killed Grinder
  1275 | D:3      | Reached skill level 4 in Maces & Flails
  1275 | D:3      | Reached XP level 5. HP: 17/33 MP: 5/5
  1275 | D:3      | Reached XP level 6. HP: 19/38 MP: 6/6
  1964 | D:4      | Reached skill level 5 in Maces & Flails
  2218 | D:4      | Found a sand-covered staircase.
  2229 | Ossuary  | Entered an ossuary
  2264 | Ossuary  | Reached XP level 7. HP: 28/44 MP: 7/7
  2270 | Ossuary  | HP: 2/44 [big kobold zombie (2)]
  2273 | Ossuary  | Gained mutation: You tend to lose your temper in combat.
                  | [potion of mutation]
  2273 | Ossuary  | Gained mutation: You are partially covered in thin metallic
                  | scales. (AC +2) [potion of mutation]
  2282 | Ossuary  | HP: 1/44 [mummy (5)]
  3143 | D:5      | Entered Level 5 of the Dungeon
  3163 | D:4      | Reached skill level 5 in Shields
  3343 | D:5      | Reached skill level 6 in Maces & Flails
  3357 | D:5      | Reached skill level 5 in Armour
  3435 | D:5      | Reached skill level 5 in Fighting
  3435 | D:5      | Reached XP level 8. HP: 40/49 MP: 8/8
  4016 | D:6      | Noticed Eustachio
  4089 | D:5      | Killed Eustachio
  4089 | D:5      | Reached skill level 7 in Maces & Flails
  4204 | D:6      | Found a white marble altar of Elyvilon.
  4307 | D:6      | Got an ichor-stained quarterstaff
  4476 | D:6      | Reached XP level 9. HP: 55/55 MP: 9/9
  4542 | D:6      | Found a burning altar of Makhleb.
  4651 | D:6      | Noticed Sigmund
  4662 | D:6      | Killed Sigmund
  4675 | D:6      | Reached skill level 8 in Maces & Flails
  5047 | D:7      | Found Nonoideu's Antique Weapon Shop.
  5119 | D:7      | Found a snail-covered altar of Cheibriados.
  5285 | D:7      | Found a staircase to the Ecumenical Temple.
  5396 | D:7      | Found a stormy altar of Qazlal.
  5401 | D:7      | Became a worshipper of Qazlal Stormbringer
  5413 | D:7      | Noticed a moth of wrath
  5414 | D:7      | Found a bloodstained altar of Trog.
  5414 | D:7      | Noticed G1itch's ghost (novice FoFi)
  5414 | D:7      | Noticed a cyclops
  5414 | D:7      | Identified the +4 spear "Ydegg" {elec, MR- Int+4 Stlth+}
  5433 | D:7      | Found a transporter.
  5438 | D:7      | Found a transporter.
  5678 | D:8      | Noticed a two-headed ogre
  6200 | D:8      | Reached skill level 1 in Invocations
  6289 | D:8      | Reached * piety under Qazlal
  6577 | D:8      | Killed a two-headed ogre
  6577 | D:8      | Reached skill level 9 in Maces & Flails
  6577 | D:8      | Reached XP level 10. HP: 61/61 MP: 9/11
  6632 | D:9      | Got a smoking war axe
  6635 | D:9      | Identified the +9 war axe of the Penguin {pain, *Drain +Inv
                  | rElec rF+} (You found it on level 9 of the Dungeon)
  6734 | D:9      | Found Veowuj's General Store.
  6738 | D:9      | Bought a +2 helmet for 231 gold pieces
  6863 | D:9      | Reached skill level 10 in Maces & Flails
  7002 | D:9      | Found a staircase to the Lair.
  7782 | D:10     | Entered Level 10 of the Dungeon
  7796 | D:10     | Found a staircase to the Orcish Mines.
  7849 | D:10     | Reached ** piety under Qazlal
  7921 | D:10     | Killed an unseen horror
  7921 | D:10     | Reached XP level 11. HP: 39/67 MP: 14/14
  8506 | D:10     | Reached skill level 5 in Invocations
  8764 | D:10     | Found Muaj's Antique Armour Shop.
  8786 | D:10     | Bought a pair of runed gloves for 247 gold pieces
  9037 | D:11     | Reached skill level 11 in Maces & Flails
  9042 | D:11     | Noticed a cyclops
  9042 | D:11     | Noticed a two-headed ogre
  9304 | Orc:1    | Entered Level 1 of the Orcish Mines
  9316 | Orc:1    | Noticed an orc knight
  9536 | Orc:1    | Killed an orc knight
  9803 | Orc:1    | Reached skill level 10 in Shields
 10244 | Orc:1    | Found a roughly hewn altar of Beogh.
 10303 | Orc:2    | Entered Level 2 of the Orcish Mines
 10307 | Orc:2    | Noticed an orc sorcerer
 10307 | Orc:2    | Noticed an orc warlord
 10308 | Orc:2    | Found Bemiq's General Store.
 10308 | Orc:2    | Noticed an orc high priest
 10309 | Orc:2    | Noticed an orc knight
 10314 | Orc:2    | Paralysed by an orc sorcerer for 2 turns
 10472 | Orc:1    | HP: 1/68 [orc knight/+1 long sword (22)]
 10816 | Orc:1    | Killed an orc knight
 10857 | Orc:2    | Noticed a soul eater
 10860 | Orc:2    | Killed an orc sorcerer
 10973 | Orc:2    | Noticed a sixfirhy
 10976 | Orc:2    | Noticed a soul eater
 11146 | Orc:2    | Noticed a sixfirhy
 11146 | Orc:2    | Killed an orc high priest
 11398 | Orc:2    | Slain by an orc warlord

Levels and vault maps discovered:
D:1:      shiori_arrival_oz, layout_basic, st_stairs_12,
          minmay_misc_feat_nine_boxes
D:2:      layout_rooms
D:3:      layout_loops_ring, first_ration, minmay_misc_feat_tiny, uniq_grinder
D:4:      layout_cave_pools, enter_ossuary_3
D:5:      cheibrodos_quashed, layout_cave_pools, nrook_loot_triangle
D:6:      layout_cave_pools, lemuel_doored_altar, elyvilon_altar_1,
          uniq_sigmund, uniq_eustachio
D:7:      layout_rooms, cheibriados_altar_1, minmay_temple_entry_nine_rooms,
          basic_altar, gammafunk_ghost_wrathful_warriors, serial_shops, shop
D:8:      layout_gridville
D:9:      layout_cave_pools, david_lair_shrubbed, serial_shops, shop_statue,
          grunt_livestock
D:10:     layout_long_grid, orc_0_dummy, serial_shops, nicolae_shop_waterfront
D:11:     layout_roguey, basic_altar
Orc:1:    layout_caves, basic_altar
Orc:2:    grunt_orc_gardens, layout_caves, grunt_orc_garden, grunt_orc_garden,
          grunt_orc_garden, grunt_orc_garden, basic_altar

Skill      XL: |  1  2  3  4  5  6  7  8  9 10 11 |
---------------+----------------------------------+-----
Fighting       | 4 5 6 7 8 |  8.0
Maces & Flails | 4 5 6 7 9 10 11 | 11.5
Armour         | 4 5 6 7 8 |  8.2
Shields        | 4 5 7 8 9 10 | 10.3
Invocations    | 2 4 6 |  6.2

Action                   |  1- 3 |  4- 6 |  7- 9 | 10-12 || total
-------------------------+-------+-------+-------+-------++-------
Melee: Flail             |    93 |   126 |   543 |       ||   762
       Morningstar       |       |       |     3 |   389 ||   392
Invok: Upheaval          |       |       |       |     4 ||     4
  Use: Scroll            |       |     9 |     1 |     6 ||    16
       Potion            |       |     1 |     9 |     1 ||    11
 Stab: Distracted        |       |       |     1 |       ||     1
  Eat: Chunk             |       |     4 |    11 |     6 ||    21
       Ration            |       |     1 |       |     3 ||     4
Armor: Scale mail        |    50 |    22 |       |       ||    72
       Plate armour      |       |    72 |   548 |   249 ||   869
Dodge: Dodged            |    18 |    36 |   163 |    72 ||   289
Block: Shield            |    39 |    90 |   371 |   271 ||   771

Table legend:
 A = Non-vault XP
 B = Vault XP
 C = Vault XP percentage of total XP
 D = Non-vault monster count
 E = Vault monster count
 F = Vault count percentage of total count
                 A         B        C        D         E       F
            +---------+---------+-------+---------+---------+-------
      Total |   11344 |    4837 |  29.9 |     235 |      37 |  13.6
            +---------+---------+-------+---------+---------+-------
        D:1 |      44 |       4 |   8.3 |      23 |       2 |   8.0
        D:2 |      32 |       0 |   0.0 |       8 |       0 |   0.0
        D:3 |      64 |     258 |  80.1 |      19 |       1 |   5.0
        D:4 |     422 |       2 |   0.5 |      26 |       2 |   7.1
        D:5 |     568 |     181 |  24.2 |      25 |       1 |   3.8
        D:6 |     941 |     227 |  19.4 |      34 |       1 |   2.9
        D:7 |     379 |       0 |   0.0 |      15 |       0 |   0.0
        D:8 |    2014 |       0 |   0.0 |      24 |       0 |   0.0
        D:9 |    1937 |    1326 |  40.6 |      15 |       6 |  28.6
       D:10 |    2470 |       0 |   0.0 |      23 |       0 |   0.0
       D:11 |     105 |       0 |   0.0 |       3 |       0 |   0.0
      Orc:1 |    2072 |    1016 |  32.9 |      19 |       4 |  17.4
      Orc:2 |     296 |    1650 |  84.8 |       1 |       4 |  80.0
    Ossuary |       0 |     173 | 100.0 |       0 |      16 | 100.0
            +---------+---------+-------+---------+---------+-------
